 Dungeon Crawl Stone Soup version 0.19.0-18-g426998a (webtiles) character file.

14385 HessuHobo the Basher (level 11, -6/100 HPs)
             Began as a Minotaur Abyssal Knight on Nov 11, 2016.
             Was a High Priest of Lugonu.
             Mangled by a yak (8 damage)
             ... on level 1 of the Lair of Beasts.
             The game lasted 01:07:42 (14613 turns).

HessuHobo the Basher (Minotaur Abyssal Knight)     Turns: 14613, Time: 01:07:42

Health: -6/100     AC: 14    Str: 20    XL:     11   Next: 88%
Magic:  12/12      EV: 20    Int:  9    God:    Lugonu [*****.]
Gold:   696        SH:  5    Dex: 12    Spells: 0 memorised, 13 levels left

rFire  . . .     SeeInvis .     T - +0 mace (holy)
rCold  . . .     Gourm    .     Q - +2 ring mail {MR+}
rNeg   . . .     Faith    .     l - +0 buckler
rPois  +         Spirit   .     (helmet restricted)
rElec  .         Reflect  .     H - +1 cloak
rCorr  .         Harm     .     e - +0 pair of gloves
MR     +....                    b - +0 pair of boots
Stlth  ++........               (no amulet)
                                o - +5 ring of evasion
                                P - ring of poison resistance

@: no status effects
A: retaliatory headbutt, hooves 1, horns 2, agile 1, evolution 1
a: Depart the Abyss, Bend Space, Banish, Corrupt, Enter the Abyss, Renounce
Religion


You were on level 1 of the Lair of Beasts.
You worshipped Lugonu.
Lugonu was extremely pleased with you.
You were full.

You visited 2 branches of the dungeon, and saw 11 of its levels.
You visited the Abyss 1 time.

You collected 696 gold pieces.

Inventory:

Hand Weapons
 a - a +2 mace
 T - a +0 mace of holy wrath (weapon)
 U - a +0 halberd of venom
Missiles
 i - 238 stones
 M - 9 tomahawks (quivered)
Armour
 b - a +0 pair of boots (worn)
 e - a +0 pair of gloves (worn)
 l - a +0 buckler (worn)
 B - a +2 ring mail of cold resistance
 H - a +1 cloak (worn)
 Q - a +2 ring mail of magic resistance (worn)
Jewellery
 o - a +5 ring of evasion (right hand)
 F - a +2 ring of dexterity {unknown}
 G - an uncursed ring of resist corrosion {unknown}
 P - a ring of poison resistance (left hand)
Wands
 d - a wand of random effects (27/48)
 y - a wand of digging (9/24)
 E - a wand of slowing (34/48)
 K - a wand of paralysis (11/24)
 W - a wand of digging (3/24)
Scrolls
 f - a scroll of fear {unknown}
 h - 6 scrolls of amnesia
 j - a scroll of magic mapping {unknown}
 p - 4 scrolls of teleportation
 t - a scroll of fog
 u - 6 scrolls of remove curse
 D - 2 scrolls of noise {unknown}
 X - 2 scrolls of identify
Potions
 k - 2 potions of invisibility
 n - a potion of curing
 q - a potion of haste
 r - a potion of flight
 s - 3 potions of magic
 v - 2 potions of lignification {unknown}
 x - 2 potions of brilliance
 z - 3 potions of cancellation {unknown}
 A - a potion of heal wounds {unknown}
 C - a potion of agility {unknown}
 O - a potion of degeneration {unknown}
 Z - a potion of ambrosia {unknown}
Books
 g - a book of Necromancy

   Spells                             Type                      Level
   a - Pain                           Necromancy                   1
   b - Animate Skeleton               Necromancy                   1
   c - Vampiric Draining              Necromancy                   3
   d - Regeneration                   Charms/Necromancy            3
   e - Animate Dead                   Necromancy                   4
   f - Control Undead                 Necromancy                   4
 J - a book of Maledictions

   Spells                             Type                      Level
   a - Corona                         Hexes                        1
   b - Ensorcelled Hibernation        Hexes/Ice                    2
   c - Confuse                        Hexes                        3
   d - Tukima's Dance                 Hexes                        3
   e - Dazzling Spray                 Conjuration/Hexes            3
 L - a book of Fire

   Spells                             Type                      Level
   a - Ignite Poison                  Fire/Transmutation/Poison    3
   b - Fireball                       Conjuration/Fire             5
   c - Bolt of Fire                   Conjuration/Fire             6
   d - Delayed Fireball               Conjuration/Fire             7
   e - Ring of Flames                 Charms/Fire                  7
 S - a book of Changes

   Spells                             Type                      Level
   a - Beastly Appendage              Transmutation                1
   b - Sticks to Snakes               Transmutation                2
   c - Spider Form                    Transmutation/Poison         3
   d - Ice Form                       Ice/Transmutation            4
   e - Blade Hands                    Transmutation                5
Comestibles
 c - 4 bread rations
 m - 4 meat rations
 w - 3 beef jerkies
 N - 12 fruits
 R - 7 slices of pizza
 V - 13 chunks of flesh


   Skills:
 + Level 10.3 Fighting
 + Level 13.1 Maces & Flails
 + Level 2.8 Throwing
 + Level 9.7 Armour
 + Level 8.4 Dodging
 + Level 3.4 Stealth
 + Level 7.3 Shields
 + Level 1.8 Spellcasting
 + Level 3.9 Invocations
 + Level 2.6 Evocations


You had 13 spell levels left.
You didn't know any spells.

Dungeon Overview and Level Annotations

Branches:
Dungeon (9/15)             Temple (0/1) D:5            Lair (2/6) D:9
  Swamp: Lair:2-4    Shoals: Lair:2-4     Snake: Lair:2-4    Spider: Lair:2-4
    Orc: D:9-12

Altars:
Elyvilon
Fedhas
Kikubaaqudgha
Nemelex Xobeh
Okawaru
Sif Muna
Vehumet
Xom
Zin

Shops:
D:5 (


Innate Abilities, Weirdness & Mutations

You reflexively headbutt those who attack you in melee.
You have a pair of horns on your head.
You have large cloven feet.
You are agile. (Dex +2)
You evolve.


Message History

The yak barely misses you.
You hit the water moccasin.
Your headbutt misses the water moccasin.
The water moccasin is almost dead.
The yak closely misses you. You furiously retaliate!
You headbutt the yak, but do no damage. You block the yak's attack.
The water moccasin bites you but does no damage.
You barely miss the water moccasin.
The water moccasin is almost dead.
The yak gores you but does no damage. The yak misses you.
The water moccasin misses you. The yak closely misses you.
You furiously retaliate!
You headbutt the yak.
The yak snorts and paws the ground.
The yak gores you but does no damage.
You hit the water moccasin.
Your headbutt misses the water moccasin.
The water moccasin is almost dead.
The water moccasin misses you. The yak completely misses you.
The yak gores you!
You die...

.. .............................
#................................
#....##.#).##.........YY.........
#....#......#....##.##+##[.......
#........S.......'......#........
#....+......#....#..>...#........
#....#......#...F§......#........
.....###.###...YY#......#........
#.............§Y@S...>...........
#....########P§§Y#......#........
#....# ##.§§#......#......##
#....# #.[.#......#.....##
#....#### ## #...#......#......#
#....P#.##.###..........#.....##
#................####.#.#.....#
#.............................#
#.......#####. ..............#


You could see 4 yaks, a blink frog and a water moccasin.

Vanquished Creatures
  A hydra (D:8)
  The ghost of Salmoras the Archer, a novice DgWn (D:9)
  A hill giant (D:9)
  The ghost of toffzen the Magician, a novice GrEE of Vehumet (Lair:1)
  An ugly thing (D:9)
  A black mamba (Lair:1)
  Joseph (D:7)
  The ghost of Aksej the Slasher, a novice DsFi of Okawaru (D:5)
  5 blink frogs (Lair:1)
  Prince Ribbit (D:8)
  2 dream sheep (D:8)
  8 yaks
  A basilisk (Lair:1)
  A hungry ghost (D:4)
  Menkaure (D:7)
  3 water moccasins
  2 hell hounds (D:9)
  4 porcupines (Lair:1)
  2 black bears
  3 ice beasts
  5 sky beasts
  4 centaurs
  4 ogres
  11 wolves (Lair:1)
  A crocodile (Lair:1)
  6 bullfrogs
  4 big kobolds (D:8)
  3 scorpions
  A wyvern skeleton (D:8)
  4 howler monkeys
  4 crimson imps
  3 jellies
  5 orc priests
  7 hounds
  Crazy Yiuf (D:3)
  10 orc wizards
  2 bullfrog skeletons
  An iguana (D:7)
  Ijyb (D:2)
  7 worker ants
  2 hound skeletons
  12 adders
  4 gnolls (D:7)
  2 howler monkey skeletons
  A river rat (D:3)
  A shadow imp (D:7)
  2 oozes
  2 adder skeletons
  6 worms
  A dart slug (D:1)
  5 leopard geckos
  23 orcs
  3 ball pythons
  4 bats
  10 giant cockroaches
  7 goblins
  5 hobgoblins
  9 jackals
  11 kobolds
  A quokka (D:8)
  A ball python skeleton (D:5)
  7 frilled lizards
  A leopard gecko skeleton (D:5)
  A leopard gecko zombie (D:7)
  A quokka skeleton (D:6)
  A quokka zombie (D:8)
  5 rats
  A fungus (D:3)
  A plant (D:9)
255 creatures vanquished.

Vanquished Creatures (others)
  An orc wizard (D:5)
  A fungus (Lair:1)
  A plant (Lair:1)
3 creatures vanquished.

Grand Total: 258 creatures vanquished

Notes
Turn   | Place    | Note
-------+----------+-------------------------------------------
     0 | Abyss:1  | HessuHobo the Minotaur Abyssal Knight began the quest for the Orb.
     0 | Abyss:1  | Reached XP level 1. HP: 19/19 MP: 1/1
     0 | Abyss:1  | Found a corrupted altar of Lugonu.
    58 | Abyss:1  | Noticed a small abomination
    64 | D:1      | Escaped the Abyss
   806 | D:1      | Reached XP level 2. HP: 26/27 MP: 2/2
   965 | D:1      | Reached * piety under Lugonu
  1791 | D:2      | Noticed Ijyb
  1801 | D:2      | Killed Ijyb
  1801 | D:2      | Reached XP level 3. HP: 27/34 MP: 3/3
  1966 | D:2      | Found an iron altar of Okawaru.
  2181 | D:2      | Found a shimmering altar of Xom.
  2200 | D:2      | Reached skill level 3 in Maces & Flails
  2807 | D:2      | Found a blossoming altar of Fedhas.
  2860 | D:2      | Reached XP level 4. HP: 36/41 MP: 4/4
  2943 | D:3      | Found a white marble altar of Elyvilon.
  3654 | D:3      | Reached ** piety under Lugonu
  3654 | D:3      | Reached skill level 4 in Maces & Flails
  3654 | D:3      | Reached XP level 5. HP: 42/47 MP: 5/5
  3774 | D:3      | Reached skill level 5 in Fighting
  4333 | D:3      | Found a runed door.
  4337 | D:3      | Noticed Crazy Yiuf
  4344 | D:3      | Killed Crazy Yiuf
  4585 | D:4      | Reached skill level 5 in Maces & Flails
  4638 | D:4      | Noticed a hungry ghost
  4648 | D:4      | Killed a hungry ghost
  4648 | D:4      | Reached XP level 6. HP: 54/56 MP: 6/6
  4779 | D:4      | Found an ancient bone altar of Kikubaaqudgha.
  4931 | D:4      | Reached XP level 7. HP: 62/62 MP: 7/7
  4942 | D:4      | Found a radiant altar of Vehumet.
  5024 | D:4      | Reached skill level 5 in Armour
  5137 | D:5      | Entered Level 5 of the Dungeon
  5142 | D:5      | Reached skill level 6 in Maces & Flails
  5157 | D:5      | Found Suat's Weapon Shoppe.
  5509 | D:5      | Noticed Aksej's ghost (novice DsFi)
  7282 | D:5      | Killed Aksej's ghost
  7282 | D:5      | Reached skill level 7 in Maces & Flails
  7282 | D:5      | Reached skill level 1 in Shields
  7282 | D:5      | Reached XP level 8. HP: 34/71 MP: 8/8
  7925 | D:5      | Found a staircase to the Ecumenical Temple.
  7934 | D:5      | Found a sparkling altar of Nemelex Xobeh.
  8407 | D:6      | Reached skill level 8 in Maces & Flails
  8418 | D:6      | Found a deep blue altar of Sif Muna.
  8440 | D:6      | Reached skill level 1 in Stealth
  8538 | D:6      | Reached skill level 1 in Throwing
  8764 | D:6      | Reached *** piety under Lugonu
  8960 | D:6      | Reached XP level 9. HP: 74/79 MP: 9/9
  9062 | D:6      | Reached skill level 10 in Maces & Flails
  9062 | D:6      | Reached skill level 5 in Shields
  9062 | D:6      | Reached skill level 1 in Spellcasting
  9062 | D:6      | Reached XP level 10. HP: 91/91 MP: 9/11
  9623 | D:7      | Noticed Menkaure
  9636 | D:7      | Killed Menkaure
  9824 | D:7      | Noticed Joseph
  9854 | D:7      | Killed Joseph
 10306 | D:7      | Reached **** piety under Lugonu
 10914 | D:8      | Reached skill level 11 in Maces & Flails
 11138 | D:8      | Noticed a three-headed hydra
 11145 | D:8      | Killed a three-headed hydra
 11423 | D:8      | Noticed Prince Ribbit
 11440 | D:8      | Killed Prince Ribbit
 11509 | D:8      | Found a glowing silver altar of Zin.
 11725 | D:8      | Reached XP level 11. HP: 91/97 MP: 12/12
 11735 | D:8      | Gained mutation: You have large cloven feet. [mutagenic meat]
 11897 | D:8      | Gained mutation: You evolve. [mutagenic meat]
 11967 | D:8      | Gained mutation: You are agile. (Dex +2) [evolution]
 12007 | D:9      | Found a deep blue altar of Sif Muna.
 12054 | D:9      | Noticed a hill giant
 12078 | D:9      | Noticed Salmoras's ghost (novice DgWn)
 12119 | D:9      | Killed Salmoras's ghost
 12411 | D:9      | Killed a hill giant
 12754 | D:9      | Reached skill level 12 in Maces & Flails
 12757 | D:9      | Found a staircase to the Lair.
 13056 | D:9      | Noticed a red ugly thing
 13072 | D:9      | Killed a red ugly thing
 13151 | D:9      | Gained mutation: You are weak. (Str -2) [mutagenic meat]
 13230 | Lair:1   | Entered Level 1 of the Lair of Beasts
 13422 | Lair:1   | Noticed toffzen's ghost (novice GrEE)
 13443 | Lair:1   | Killed toffzen's ghost
 13479 | Lair:1   | Reached skill level 10 in Fighting
 13613 | Lair:1   | Reached ***** piety under Lugonu
 14417 | Lair:1   | Reached skill level 13 in Maces & Flails
 14420 | Lair:1   | Lost mutation: You are weak. (Str -2) [evolution]
 14607 | Lair:1   | HP: 3/100 [water moccasin (6)]
 14609 | Lair:1   | HP: 1/100 [yak (2)]
 14613 | Lair:1   | Mangled by a yak

Skill      XL: |  1  2  3  4  5  6  7  8  9 10 11 |
---------------+----------------------------------+-----
Fighting       | 4 5 6 7 9 10 | 10.3
Invocations    | 2 3 |  3.9
Armour         | 3 4 6 7 8 9 |  9.7
Maces & Flails | 3 4 5 7 8 10 11 13 | 13.1
Dodging        | 2 3 4 6 7 8 |  8.4
Shields        | 1 5 6 7 |  7.3
Stealth        | 1 2 3 |  3.4
Throwing       | 1 2 |  2.8
Spellcasting   | 1 |  1.8
Evocations     | 2 |  2.6

Action                   |  1- 3 |  4- 6 |  7- 9 | 10-12 || total
-------------------------+-------+-------+-------+-------++-------
Melee: Mace              |    72 |   162 |   277 |   634 ||  1145
       Headbutt          |    10 |    18 |    33 |   137 ||   198
Throw: Stone             |    11 |       |     1 |       ||    12
       Tomahawk          |       |       |    25 |    36 ||    61
Invok: Depart the Abyss  |     1 |       |       |       ||     1
       Bend Space        |       |       |     6 |       ||     6
Evoke: Wand              |       |     1 |     1 |     1 ||     3
  Use: Scroll            |     1 |     6 |     5 |     6 ||    18
       Potion            |       |       |     1 |     8 ||     9
  Eat: Chunk             |     4 |     9 |     2 |     9 ||    24
       Beef jerky        |     1 |       |       |       ||     1
       Meat ration       |       |       |     2 |     1 ||     3
       Pizza             |       |       |     1 |       ||     1
       Bread ration      |       |       |       |     3 ||     3
Armor: Leather armour    |    16 |    18 |       |       ||    34
       Ring mail         |       |    47 |    91 |   106 ||   244
Dodge: Dodged            |    35 |    88 |   116 |   534 ||   773
Block: Buckler           |       |     8 |    30 |   147 ||   185
